 Dungeon Crawl Stone Soup version 0.32-a0-558-g233958a4c4 (webtiles) character file.

Game seed: 4891003354582935951

132071 seren the Fencer (level 17, -4/137 HPs)
             Began as a Coglin Gladiator on Mar 1, 2024.
             Was an Initiate of Gozag.
             Asphyxiated
             ... on level 3 of the Snake Pit.
             The game lasted 01:39:37 (33206 turns).

seren the Fencer (Coglin Gladiator)                Turns: 33206, Time: 01:39:38

Health: -4/137     AC: 34    Str: 19    XL:     17   Next: 11%
Magic:  17/17      EV:  7    Int:  9    God:    Gozag
Gold:   3265       SH:  0    Dex: 18    Spells: 16/16 levels left

rFire   + + .        S - +2 long sword (flame) {Kanlaya}
rCold   + . .        B - +0 demon blade (heavy) {Bangon}
rNeg    . . .        V - +4 gold dragon scales
rPois   +            x - +2 hood of the Assassin {Detect Stab+ Stlth++}
rElec   +            O - +2 cloak
rCorr   .            o - +0 pair of gloves of the Teacher {Rampage rElec Regen+}
SInv    .            G - +2 pair of boots
Will    +....        (amulet unavailable) Stlth
                     (ring unavailable)
HPRegen 1.22/turn    (ring unavailable)
MPRegen 0.15/turn    Y - reticulated compensator {AutoDazzle, rElec rF+}

%: rampage
@: lethally poisoned (-4 -> -21), slowed, studying Necromancy, revving, very
slow
A: off-hand wielding, slow wielding, warmup strikes, no jewelry
a: Renounce Religion, Potion Petition, Call Merchant, Bribe Branch


You were on level 3 of the Snake Pit.
You worshipped Gozag.
Gozag was most pleased with you.
You visited 6 branches of the dungeon, and saw 27 of its levels.
You also visited: Sewer.

You collected 9383 gold pieces.
You spent 5980 gold pieces at shops.
You paid 138 gold pieces to Gozag.

Inventory:

Hand Weapons
 B - a +0 heavy demon blade (offhand) {Bangon}
 M - the +6 short sword of Joyful Slaughter {venom, Fly rElec Int+3}
   (You found it on level 5 of the Lair of Beasts)

   Int+3:     It affects your intelligence (+3).
   rElec:     It insulates you from electricity.
   Fly:       It grants you flight.
 S - a +2 long sword of flaming (weapon) {Kanlaya}
Missiles
 d - 2 throwing nets {!f}
 p - 26 poisoned darts
 u - 12 curare-tipped darts (quivered)
 y - 49 boomerangs
 J - 4 datura-tipped darts
Armour
 o - the +0 pair of gloves of the Teacher (worn) {Rampage rElec Regen+}
   (You bought it in a shop on level 1 of the Snake Pit)

   rElec:     It insulates you from electricity.
   Regen+:    It increases your rate of health regeneration.
   Rampage:   It bestows one free step when moving towards enemies.
 x - the +2 hood of the Assassin (worn) {Detect Stab+ Stlth++}
   (You acquired it on level 2 of the Orcish Mines)

   Detect:    It allows the wearer to sense nearby creatures.
   Stab+:     It allows the wearer to make particularly effective stabbing
   attacks against helpless or unaware enemies with any weapon.
   Stlth++:   It makes you much more stealthy.
 G - a +2 pair of boots (worn)
 O - a +2 cloak (worn)
 Q - a +0 pair of gloves
 V - +4 gold dragon scales (worn)
Gizmo
 Y - a reticulated compensator (installed) {AutoDazzle, rElec rF+}
   (You invented it yourself on level 4 of the Lair of Beasts)

   [reticulated compensator]

   AutoDazzle: It sometimes fires a blinding ray at enemies whose attacks you
   dodge.
   rF+:       It protects you from fire.
   rElec:     It insulates you from electricity.
Wands
 c - a wand of light (8)
 h - a wand of mindburst (21)
 s - a wand of flame (17)
 z - a wand of paralysis (5)
 N - a wand of iceblast (18)
 U - a wand of digging (6)
Scrolls
 a - a scroll of silence
 b - 8 scrolls of teleportation {!r}
 f - 3 scrolls of blinking {!r}
 j - a scroll of brand weapon
 r - 3 scrolls of fog
 v - 2 scrolls of revelation
 A - 4 scrolls of immolation
 E - 3 scrolls of poison
 K - 3 scrolls of summoning
 L - a scroll of torment
Potions
 g - a potion of heal wounds
 k - 14 potions of curing
 l - 7 potions of ambrosia
 m - 5 potions of might
 n - 4 potions of attraction
 t - 5 potions of lignification
 C - 2 potions of enlightenment
 D - 2 potions of magic
 F - 2 potions of haste
 H - 3 potions of mutation {!q}
 I - a potion of invisibility
 T - a potion of resistance
 W - a potion of brilliance
 X - a potion of cancellation
 Z - 2 potions of berserk rage
Miscellaneous
 i - a phantom mirror
 R - a sack of spiders (inert)


   Skills:
 + Level 13.2 Fighting
 * Level 15.3 Long Blades
 - Level 10.0 Throwing
 + Level 13.4 Armour
 - Level 10.0 Dodging
 - Level 15.0 Evocations


You had 16 spell levels left.
You didn't know any spells.
Your spell library contained the following spells:

 Spells                   Type           Power      Damage    Failure   Level
 Shock                    Conj/Air       0%         1d3       100%        1
 Sting                    Conj/Alch      0%         1d3       100%        1
 Blink                    Tloc           0%         N/A       100%        2
 Lesser Beckoning         Tloc           0%         N/A       100%        2
 Mercury Vapours          Alch/Air       0%         N/A       100%        2
 Momentum Strike          Conj/Tloc      0%         3d8       100%        2
 Dazzling Flash           Conj/Hex       0%         N/A       100%        3
 Ozocubu's Armour         Ice            0%         N/A       100%        3
 Sigil of Binding         Hex            0%         N/A       100%        3
 Stone Arrow              Conj/Erth      0%         3d7       100%        3
 Swiftness                Air            0%         N/A       100%        3
 Tukima's Dance           Hex            0%         N/A       100%        3
 Airstrike                Air            0%         2d(0-16)  100%        4
 Animate Armour           Summ/Erth      0%         N/A       100%        4
 Martyr's Knell           Necr/Summ      0%         N/A       100%        4
 Olgreb's Toxic Radiance  Alch           0%         N/A       100%        4
 Passage of Golubria      Tloc           0%         N/A       100%        4
 Vhi's Electric Charge    Tloc/Air       0%         N/A       100%        4
 Arcjolt                  Conj/Air       0%         1d10      100%        5
 Iskenderun's Battlesphe  Conj           0%         2d6       100%        5
 Metabolic Englaciation   Hex/Ice        0%         N/A       100%        5
 Summon Forest            Summ/Tloc      0%         N/A       100%        5
 Summon Mana Viper        Hex/Summ       0%         N/A       100%        5
 Yara's Violent Unravell  Hex/Alch       0%         3d3       100%        5
 Bombard                  Conj/Erth      0%         9d1       100%        6
 Sculpt Simulacrum        Ice/Alch       0%         N/A       100%        6
 Summon Cactus Giant      Summ           0%         N/A       100%        6
 Enfeeble                 Hex            0%         N/A       100%        7
 Ozocubu's Refrigeration  Ice            0%         4d7       100%        7
 Spellforged Servitor     Conj/Summ      0%         N/A       100%        7
 Discord                  Hex            0%         N/A       100%        8
 Lehudib's Crystal Spear  Conj/Erth      0%         10d2      100%        8
 Maxwell's Capacitive Co  Air            0%         ∞         100%        8


Dungeon Overview and Level Annotations

Branches:
Dungeon (15/15)            Temple (1/1) D:7            Lair (5/5) D:11
  Swamp (1/4) Lair:2        Snake (3/4) Lair:2        Slime (0/5) Lair:4
    Orc (2/2) D:12            Elf (0/3) Orc:2        Vaults (0/5) D:14
 Depths (0/4) D:15          Sewer (visited)

Altars:
Ashenzari
Cheibriados
Dithmenos
Elyvilon
Fedhas
Gozag
Hepliaklqana
Kikubaaqudgha
Makhleb
Nemelex Xobeh
Okawaru
Qazlal
Ru
Sif Muna
Trog
Uskayaw
Vehumet
Wu Jian
Xom
Yredelemnul
Zin
The Shining One
Beogh
Jiyva

Shops:
D:3 (   D:4 *![   D:5 [   D:9 !([   D:10 *   D:13 :   Orc:2 ([*:   Snake:1 [?

Annotations:
D:11 Gastronok
D:13 3 runed translucent doors, Zituum's ghost, journeyman DESu
Swamp:1 Aizul
Snake:2 1 transporter


Innate Abilities, Weirdness & Mutations

You can wield a second weapon in your off-hand.
It takes a long time for you to wield or remove held weapons.
Your first few attacks do less damage.
You cannot equip rings or amulets.


Message History

The naga warrior constricts you.
The naga warrior hits you but does no damage.
The naga warrior constricts you.
* * * LOW HITPOINT WARNING * * *
You feel much better.
You feel very sick.
The naga warrior hits you with a +0 mace!
* * * LOW HITPOINT WARNING * * *
The naga warrior constricts you.
Press: ? - help, v - describe, . - travel
Here: a naga warrior, wielding a +0 mace (lightly wounded, constricting you, concentrated venom)
The floor, spattered with blood.
The naga warrior's grasp on you weakens, but your attempt to escape fails.
You feel very sick.
The naga warrior hits you with a +0 mace!
* * * LOW HITPOINT WARNING * * *
The naga warrior constricts you. The naga warrior spits poison at you.
The splash of poison hits you but does no damage.
You resist. The naga warrior constricts you!
* * * LOW HITPOINT WARNING * * *
The naga warrior's grasp on you weakens, but your attempt to escape fails.
You feel sick.
The naga warrior hits you with a +0 mace.
* * * LOW HITPOINT WARNING * * *
The naga warrior constricts you.
* * * LOW HITPOINT WARNING * * *
Blink to where?
Press: ? - help, Dir - move target, p - naga warrior You blink free of the naga warrior.
As you read the scroll of blinking {!r}, it crumbles to dust.
You feel sick.
You reach into the sack... ...and things crawl out!
The naga warrior is caught in a web!
The sack is emptied!
You feel sick. The naga warrior spits poison at you.
The splash of poison hits you.
You are lethally poisoned!
You have difficulty breathing.
You die...
Your body crumbles into a pile of gold.

# .### #...
##### #..#
#@ws# #..#
###...# ..#
...ss..##..#
......N<§..#
...##.$.....#
####
#....##..#
#....# ....
##.... ###
##...#


You could see a naga warrior (curare, webbed, catching breath, ally target), a
friendly steelbarb worm (summoned), a friendly wolf spider (summoned), a
friendly culicivora (summoned) and a friendly redback (summoned).

Vanquished Creatures
  Frances (D:13)
  2 nagarajas
  Donald (Swamp:1)
  An orc warlord (Orc:2)
  3 fire dragons (D:15)
  An ettin (Orc:1)
  6 vault guards
  An entropy weaver (shapeshifter) (D:15)
  4 hydras
  A rakshasa (D:15)
  7 anacondas
  2 boulder beetles
  2 catoblepae
  5 centaur warriors
  2 two-headed ogres
  6 death yaks (Lair:3)
  A tengu warrior (D:15)
  5 orc high priests
  3 shock serpents (Snake:1)
  A sun demon (D:12)
  5 naga sharpshooters
  3 skysharks
  5 naga warriors
  Amaemon (Lair:2)
  A goliath frog (Lair:5)
  A sun moth (shapeshifter) (D:15)
  A salamander mystic (Snake:2)
  A deep troll (D:15)
  11 mana vipers
  An arcanist (D:14)
  6 naga ritualists
  A necromancer (D:15)
  Pikel (D:7)
  3 orc sorcerers (Orc:2)
  4 orc knights
  A cyclops (D:14)
  2 ugly things
  3 manticores
  Maurice (D:8)
  17 elephants
  8 salamanders
  30 black mambas
  13 naga magi
  A kobold blastminer (Orc:2)
  A torpor snail (Lair:3)
  3 gargoyles
  An unseen horror (D:13)
  An orange demon (Lair:2)
  Jeremiah (Lair:1)
  18 cane toads
  2 rime drakes
  11 komodo dragons
  Maggie (D:7)
  A tengu conjurer (D:15)
  An ice devil (D:12)
  2 tyrant leeches
  12 trolls
  Grinder (D:4)
  2 polar bears
  A hornet (D:10)
  25 blink frogs
  Sigmund (D:3)
  13 slime creatures
  4 shadows
  2 vampires (D:12)
  4 wyverns
  3 wraiths
  7 basilisks
  5 humans (D:14)
  Eustachio (D:5)
  2 wargs
  35 yaks
  A steam dragon (D:8)
  17 vampire mosquitoes
  Menkaure (D:5)
  A swamp worm (Swamp:1)
  17 nagas
  A two-headed ogre zombie (D:12)
  Edmund (D:4)
  3 acid dragons
  13 water moccasins
  Duvessa (D:4)
  4 ice beasts (D:11)
  A sky beast (D:7)
  Pargi (D:4)
  22 orc warriors
  3 black bears
  The ghost of Skimidon the Trooper, an amateur DgFi (D:3)
  25 wolves
  5 ogres
  7 centaurs
  4 lemures (D:7)
  2 phantoms (D:5)
  2 kobold brigands
  16 bullfrogs
  2 gnoll sergeants
  6 scorpions
  10 wights
  Dowan (D:4)
  A troll zombie (D:12)
  6 electric eels
  3 lava snakes (Lair:3)
  3 bombardier beetles (D:5)
  12 crimson imps
  A hound (D:5)
  24 orc priests
  5 jellies
  17 iguanas
  4 sleepcaps
  36 orc wizards
  11 hell rats (Lair:3)
  Terence (D:3)
  6 ogre zombies (D:12)
  9 gnolls
  6 adders
  2 river rats (Sewer)
  A shadow imp (D:8)
  5 white imps
  3 dart slugs
  2 ribbon worms
  72 orcs
  3 bats
  12 endoplasms
  12 giant cockroaches
  4 gnoll zombies (D:12)
  3 goblins
  9 hobgoblins
  22 jackals
  10 quokkas
  8 ball pythons
  24 frilled lizards
  4 gnoll skeletons (D:12)
  16 kobolds
  An orc skeleton (D:12)
  16 orc zombies (D:12)
  5 rats
884 creatures vanquished.

Vanquished Creatures (collateral kills)
  2 kobold blastminers (Orc:1)
  A troll (Orc:1)
  A warg (Orc:1)
  An orc warrior (Orc:1)
  3 orc priests (Orc:1)
  An orc wizard (Orc:1)
  5 orcs (Orc:1)
14 creatures vanquished.

Vanquished Creatures (others)
  A human (D:14)
  An orc (D:7)
  A frilled lizard (Lair:1)
3 creatures vanquished.

Grand Total: 901 creatures vanquished

Notes
Turn   | Place    | Note
-------+----------+-------------------------------------------
     0 | D:1      | seren the Coglin Gladiator began the quest for the Orb.
     0 | D:1      | Reached XP level 1. HP: 16/16 MP: 1/1
    68 | D:1      | Reached XP level 2. HP: 16/22 MP: 2/2
   412 | D:1      | Reached XP level 3. HP: 27/28 MP: 3/3
   952 | D:2      | Identified the ring "Yvugg" {rC+ Str+3 SInv}
   974 | D:2      | Identified the +1 scale mail "Suhij" {rN+ Regen+}
  1030 | D:2      | Reached XP level 4. HP: 34/34 MP: 4/4
  1716 | D:3      | Found Uninopp's Antique Weapon Emporium.
  1780 | D:3      | Noticed Terence
  1791 | D:3      | Killed Terence
  1795 | D:3      | Noticed Sigmund
  1808 | D:3      | Killed Sigmund
  1809 | D:3      | Reached skill level 1 in Armour
  1809 | D:3      | Reached skill level 1 in Evocations
  1809 | D:3      | Reached XP level 5. HP: 35/41 MP: 5/5
  1809 | D:3      | Reached XP level 6. HP: 40/47 MP: 6/6
  1865 | D:3      | Found a runed translucent gate.
  1865 | D:3      | Noticed Skimidon's ghost (amateur DgFi)
  1875 | D:3      | Found a runed translucent gate.
  1875 | D:3      | Found a runed translucent gate.
  2285 | D:3      | Found a roughly hewn altar of Beogh.
  2329 | D:4      | Noticed Dowan
  2329 | D:4      | Noticed a black bear
  2330 | D:4      | Noticed Duvessa
  2373 | D:4      | Noticed a black bear
  2395 | D:4      | Killed a black bear
  2442 | D:4      | Found a shimmering altar of Xom.
  2443 | D:4      | Noticed Pargi
  2458 | D:3      | Killed a black bear
  2459 | D:3      | Reached XP level 7. HP: 51/52 MP: 7/7
  2505 | D:4      | Noticed Grinder
  2513 | D:4      | Killed Grinder
  2514 | D:4      | Reached skill level 5 in Long Blades
  2567 | D:4      | Noticed Edmund
  2576 | D:4      | Killed Edmund
  2644 | D:4      | Killed Duvessa
  2645 | D:4      | Reached XP level 8. HP: 53/60 MP: 8/8
  2656 | D:4      | Killed Dowan
  2699 | D:4      | Found an ornate altar of the Wu Jian Council.
  2791 | D:4      | Found Vets's Armour Boutique.
  2865 | D:4      | Killed Pargi
  2951 | D:4      | Found Vaxaufocro's General Store.
  2955 | D:4      | Found Ostreis's Distillery.
  3240 | D:5      | Entered Level 5 of the Dungeon
  3559 | D:5      | Noticed Menkaure
  3560 | D:5      | Found a glowing drain.
  3566 | D:5      | Killed Menkaure
  3585 | Sewer    | Entered a sewer
  3831 | Sewer    | Found a viscous altar of Jiyva.
  3940 | D:5      | Reached XP level 9. HP: 67/67 MP: 9/9
  3998 | D:5      | Noticed Eustachio
  4009 | D:5      | Killed Eustachio
  4022 | D:5      | Reached skill level 5 in Fighting
  4022 | D:5      | Reached skill level 5 in Evocations
  4034 | D:5      | Reached skill level 5 in Dodging
  4085 | D:5      | Found Wextoxoe's Armour Shoppe.
  4091 | D:5      | Bought a +1 pair of boots for 138 gold pieces
  4222 | D:5      | Found a radiant altar of Vehumet.
  4300 | D:5      | Found a basalt altar of Yredelemnul.
  4342 | D:5      | Found a stormy altar of Qazlal.
  4474 | D:6      | Found a white marble altar of Elyvilon.
  4568 | D:6      | Found a shadowy altar of Dithmenos.
  4602 | D:6      | Identified the +1 ring mail of Hubris {Slay+2 Stlth+}
  4752 | D:6      | Found an ancient bone altar of Kikubaaqudgha.
  5162 | D:7      | Noticed Maggie
  5193 | D:7      | Killed Maggie
  5194 | D:7      | Reached skill level 5 in Throwing
  5322 | D:7      | Reached XP level 10. HP: 40/76 MP: 10/10
  5380 | D:7      | Found a snail-covered altar of Cheibriados.
  5634 | D:7      | Found a sacrificial altar of Ru.
  5909 | D:7      | Found a broken altar of Ashenzari.
  5944 | D:7      | Noticed Pikel
  6137 | D:7      | Found a staircase to the Ecumenical Temple.
  6146 | Temple   | Entered the Ecumenical Temple
  6153 | Temple   | Became a worshipper of Gozag Ym Sagoz the Greedy
  6904 | D:8      | Found a glowing silver altar of Zin.
  6979 | D:8      | Reached skill level 5 in Armour
  6983 | D:8      | Identified the +6 morningstar of the Purse {pain, Dex+3}
  7184 | D:8      | Reached XP level 11. HP: 69/83 MP: 11/11
  7225 | D:8      | Found a glowing golden altar of the Shining One.
  7412 | D:8      | Noticed Maurice
  7424 | D:8      | Killed Maurice
  7502 | D:9      | Found Vol Ros's Weapon Boutique.
  7505 | D:9      | Bought 2 curare-tipped darts for 33 gold pieces
  7505 | D:9      | Bought the +3 falchion of Kumidiku {drain, Str+4 Int+5} for
                  | 648 gold pieces
  7505 | D:9      | Bought 2 poisoned darts for 16 gold pieces
  7565 | D:9      | Found Vyekhen's Distillery.
  7574 | D:9      | Bought a potion of curing for 51 gold pieces
  7604 | D:9      | Noticed a two-headed ogre
  7609 | D:9      | Killed a two-headed ogre
  7674 | D:9      | Found a blossoming altar of Fedhas.
  7985 | D:9      | Found Inaemoij's Antique Armour Emporium.
  8172 | D:10     | Entered Level 10 of the Dungeon
  8509 | D:10     | Found Vaaryoss's Distillery.
  8514 | D:10     | You fall into a shaft and drop 3 floors!
  8515 | D:13     | Noticed a catoblepas
  8515 | D:13     | Found Noufat's Self-Published Books.
  8597 | D:10     | Bought a potion of lignification for 39 gold pieces
  8597 | D:10     | Bought a potion of might for 52 gold pieces
  8597 | D:10     | Bought a potion of degeneration for 13 gold pieces
  8604 | D:10     | Found Wugityqi's Specific Store.
  8615 | D:10     | Found Adeffir's General Store.
  8619 | D:10     | Bought a scroll of fear for 64 gold pieces
  8623 | D:10     | Bought a +0 pair of gloves for 45 gold pieces
  9069 | D:11     | Noticed a red ugly thing
  9125 | D:11     | Got the Collected Works on the Legion and Bewitchment
  9204 | D:11     | Reached skill level 10 in Long Blades
  9251 | D:11     | Noticed a boulder beetle
  9306 | D:11     | Found a staircase to the Lair.
  9387 | D:11     | Killed a boulder beetle
  9411 | D:11     | Noticed Gastronok
  9487 | D:11     | Killed a red ugly thing
  9875 | D:12     | Reached XP level 12. HP: 87/92 MP: 12/12
  9993 | D:12     | Noticed a two-headed ogre
  9996 | D:12     | Killed a two-headed ogre
 10065 | D:12     | Identified the +4 broad axe "Rurajaum" {flame, rCorr Int+2
                  | SInv}
 10288 | D:12     | Noticed a sun demon
 10340 | D:12     | Killed a sun demon
 10411 | D:12     | Found a staircase to the Orcish Mines.
 11096 | Lair:1   | Entered Level 1 of the Lair of Beasts
 11596 | Lair:1   | Noticed Jeremiah
 11699 | Lair:1   | Killed Jeremiah
 12476 | Lair:1   | Reached XP level 13. HP: 101/101 MP: 13/13
 12543 | Lair:2   | Noticed Amaemon
 12572 | Lair:2   | Killed Amaemon
 12609 | Lair:2   | Found the +7 staff of the Meek {protect, meekguard}
 12798 | D:7      | Killed Pikel
 12799 | D:7      | Reached skill level 10 in Evocations
 12869 | D:4      | Bought +2 gold dragon scales for 1288 gold pieces
 13304 | Lair:2   | Found a staircase to the Swamp.
 13603 | Lair:2   | Found a staircase to the Snake Pit.
 14700 | Lair:3   | Reached skill level 10 in Armour
 15228 | Lair:3   | Reached skill level 10 in Fighting
 15556 | Lair:4   | Reached XP level 14. HP: 100/110 MP: 14/14
 15556 | Lair:4   | Acquired a reticulated compensator {AutoDazzle, rElec rF+}
 16390 | Lair:4   | Found a viscous altar of Jiyva.
 16390 | Lair:4   | Found a staircase to the Slime Pits.
 16880 | Lair:5   | Entered Level 5 of the Lair of Beasts
 17852 | Orc:1    | Entered Level 1 of the Orcish Mines
 18145 | Orc:2    | Entered Level 2 of the Orcish Mines
 18648 | Orc:2    | Found a staircase to the Elven Halls.
 20526 | Orc:2    | Paralysed by an orc sorcerer for 4 turns
 20556 | Orc:2    | Noticed an orc warlord
 20578 | Orc:2    | Killed an orc warlord
 20687 | Orc:2    | Reached skill level 10 in Dodging
 20981 | Orc:2    | Reached XP level 15. HP: 117/118 MP: 15/15
 21143 | Orc:2    | Found Ipsuroz's Antique Armour Boutique.
 21144 | Orc:2    | Found Wukhus's Antique Weapon Shop.
 21146 | Orc:2    | Found Eryomoh's General Store.
 21146 | Orc:2    | Found Cekeoqud's Book Boutique.
 21151 | Orc:2    | Bought a scroll of identify for 36 gold pieces
 21209 | Orc:2    | Bought a +2 pair of boots for 297 gold pieces
 21231 | Orc:2    | Bought a warped plate armour for 868 gold pieces
 21231 | Orc:2    | Identified the +2 plate armour "Viukifit" {rElec rN+
                  | Stlth+} (You bought it in a shop on level 2 of the Orcish
                  | Mines)
 23350 | Lair:5   | Identified the +6 short sword of Joyful Slaughter {venom,
                  | Fly rElec Int+3}
 23537 | Lair:5   | Found a sparkling altar of Nemelex Xobeh.
 23985 | D:3      | Killed Skimidon's ghost
 24480 | D:13     | Noticed Frances
 24492 | D:13     | Killed Frances
 24815 | D:13     | Found a runed translucent gate.
 24815 | D:13     | Found a runed translucent gate.
 24815 | D:13     | Found a runed translucent gate.
 24816 | D:13     | Noticed Zituum's ghost (journeyman DESu)
 26295 | D:14     | Found a gate to the Vaults.
 26448 | D:10     | Bought a potion of mutation for 104 gold pieces
 26448 | D:10     | Bought a potion of lignification for 39 gold pieces
 26448 | D:10     | Bought a potion of heal wounds for 65 gold pieces
 26448 | D:10     | Bought a potion of enlightenment for 65 gold pieces
 26448 | D:10     | Bought a potion of mutation for 104 gold pieces
 26448 | D:10     | Bought a potion of enlightenment for 65 gold pieces
 26448 | D:10     | Bought a potion of haste for 130 gold pieces
 26448 | D:10     | Bought a potion of resistance for 130 gold pieces
 26568 | D:4      | Bought a potion of curing for 30 gold pieces
 26568 | D:4      | Bought a potion of cancellation for 80 gold pieces
 26568 | D:4      | Bought a potion of curing for 30 gold pieces
 26568 | D:4      | Bought a potion of berserk rage for 50 gold pieces
 26568 | D:4      | Bought a potion of curing for 30 gold pieces
 26568 | D:4      | Bought 2 potions of heal wounds for 100 gold pieces
 26568 | D:4      | Bought a potion of magic for 80 gold pieces
 26821 | Orc:2    | Bought a phantom mirror for 720 gold pieces
 26823 | Orc:2    | Identified a scroll of acquirement
 26827 | Orc:2    | Acquired the +2 hood of the Assassin {Detect Stab+ Stlth++}
 26827 | Orc:2    | Found the +2 hood of the Assassin {Detect Stab+ Stlth++}
 27086 | D:4      | Bought a scroll of silence for 123 gold pieces
 27294 | D:15     | Entered Level 15 of the Dungeon
 28136 | D:15     | Reached XP level 16. HP: 106/127 MP: 16/16
 28206 | D:15     | Found a staircase to the Depths.
 28978 | Swamp:1  | Entered Level 1 of the Swamp
 28978 | Swamp:1  | Noticed Donald
 28985 | Swamp:1  | Killed Donald
 29074 | Swamp:1  | Identified the serpent talisman of the Lost Path {rC+
                  | Int+4}
 29074 | Swamp:1  | Noticed Aizul
 29406 | Snake:1  | Entered Level 1 of the Snake Pit
 29549 | Snake:1  | Found a shadowy altar of Dithmenos.
 30181 | Snake:1  | Found Ber Axt's Antique Armour Boutique.
 30530 | Snake:1  | Bought a dazzling robe for 142 gold pieces
 30530 | Snake:1  | Identified the +1 robe "Loes" {rPois Stlth+} (You bought it
                  | in a shop on level 1 of the Snake Pit)
 30530 | Snake:1  | Bought a pair of warped gloves for 237 gold pieces
 30530 | Snake:1  | Identified the +0 pair of gloves of the Teacher {Rampage
                  | rElec Regen+} (You bought it in a shop on level 1 of the
                  | Snake Pit)
 30633 | Snake:1  | You fall into a shaft and drop 1 floor!
 31431 | Snake:1  | Found Supegic's Magic Scroll Boutique.
 31438 | Snake:1  | Bought a scroll of identify for 34 gold pieces
 31438 | Snake:1  | Bought a scroll of identify for 34 gold pieces
 31606 | Snake:2  | Reached skill level 10 in Throwing
 31615 | Snake:2  | Noticed a nagaraja
 31620 | Snake:2  | Identified the ring "Getsooq" {rPois Str+6}
 31687 | Snake:2  | Noticed a nagaraja
 31708 | Snake:2  | Found a shimmering blue altar of Sif Muna.
 31710 | Snake:2  | Found a transporter.
 31720 | Snake:2  | Found a glowing silver altar of Zin.
 31720 | Snake:2  | Identified the +5 quarterstaff "Xiaxuin" {flame, Str+3}
 31746 | Snake:2  | Noticed a nagaraja
 31832 | Snake:2  | Killed a nagaraja
 32158 | Snake:2  | Reached skill level 15 in Evocations
 32376 | Snake:2  | Reached skill level 15 in Long Blades
 32566 | Snake:3  | Noticed a nagaraja
 32588 | Snake:3  | Killed a nagaraja
 32708 | Snake:3  | Reached XP level 17. HP: 136/136 MP: 17/17
 33204 | Snake:3  | HP: 5/137 [naga warrior/+0 mace (6)]
 33206 | Snake:3  | Asphyxiated

Illustrated notes

Levels and vault maps discovered:
D:1:      dpeg_arrival_round_a, layout_basic
D:2:      layout_basic, minmay_pentomino_p4
D:3:      minmay_octagon_keep, layout_loops_ring, serial_shops, shop,
          biasface_ghost_orc_armoury, uniq_sigmund, uniq_terence
D:4:      layout_basic, mainiacjoe_overflow_cross_hatched,
          overflow_temple_1_default, serial_shops, kennysheep_mini_moat, shop,
          shop, kennysheep_windowed_goal, uniq_grinder, uniq_duvessa,
          uniq_edmund, uniq_pargi
D:5:      layout_loops_ring, mainiacjoe_overflow_alcove_2, marbit_many_paths,
          mainiacjoe_overflow_brackets, serial_shops, shop,
          gup_sewer_entry_pipe, uniq_eustachio, uniq_menkaure
D:6:      layout_loops_cross, nicolae_elyvilon_temple_path,
          mainiacjoe_overflow_chevrons, grunt_dithmenos_smoke
D:7:      layout_cave_pods, kennysheep_mini, lemuel_round_altar, slow_altar_2,
          minmay_temple_entry_glass, uniq_pikel, uniq_maggie
D:8:      layout_loops_ring, tso_oasis_becter, mainiacjoe_overflow_paths,
          minmay_nine_imps, uniq_maurice
D:9:      layout_long_grid, lemuel_crystal_altar, serial_shops,
          nicolae_stop_n_shop_1, nicolae_shop_behind_doors, shop
D:10:     layout_loops_cross, serial_shops, shop,
          nicolae_concentric_dashed_squares_mild, nicolae_specific_store
D:11:     layout_roguey, hellmonk_lair_entry_icy, uniq_gastronok
D:12:     layout_gridville, zombieorc2_lemuel, minmay_fire_ice_demons
D:13:     layout_loops_ring, gammafunk_ghost_spectres, grunt_ministairs_13,
          nicolae_custom_books, uniq_frances
D:14:     layout_small_grid, ximxim_vaults_locker_room, nrook_campfire
D:15:     hangedman_depths_entry_civil_slaughter, layout_loops_ring
Temple:   hellmonk_temple_two_chambers
Lair:1:   lemuel_reptile_caves, layout_cave_pods, uniq_jeremiah
Lair:2:   layout_long_grid, swamp_mist, dummy_snake_entry, uniq_amaemon
Lair:3:   layout_gridlike, nicolae_lair_liquid_snakes, infiniplex_staircase_pool
Lair:4:   layout_small_grid, dpeg_slime_entry_enclosed
Lair:5:   minmay_lair_end_frog_pond, layout_misc_corridors, basic_altar
Swamp:1:  layout_basic_swamp, nicolae_swamp_small_spring, swamp_pool_3,
          uniq_louise, uniq_donald, uniq_aizul
Snake:1:  layout_gridlike, serial_shops, nicolae_shop_back_alley_shop, shop,
          basic_altar, nicolae_triple_integral
Snake:2:  gammafunk_sealed_library, layout_misc_corridors, basic_altar,
          grunt_megastairs_2
Snake:3:  layout_misc_corridors, basic_altar,
          portal_ice_cave_entry_frozen_things
Orc:1:    layout_diamond_mine
Orc:2:    st_orc_congregation, layout_caves

Skill      XL: |  1  2  3  4  5  6  7  8  9 10 11 12 13 14 15 16 |
---------------+-------------------------------------------------+-----
Throwing       | 2 3 4 5 6 7 8 9 10 | 10.0
Dodging        | 3 4 5 6 7 8 9 10 | 10.0
Fighting       | 3 4 5 6 8 9 10 11 12 13 | 13.2
Long Blades    | 4 5 6 7 9 10 11 12 13 15 | 15.3
Armour         | 1 2 3 4 5 7 8 10 11 12 13 | 13.4
Evocations     | 1 2 3 4 6 8 9 11 12 14 15 | 15.0

Action                     |  1- 3 |  4- 6 |  7- 9 | 10-12 | 13-15 | 16-18 || total
---------------------------+-------+-------+-------+-------+-------+-------++-------
  Melee: Long sword        |   130 |   108 |   648 |   189 |  1104 |   358 ||  2537
         Dagger            |    13 |     6 |       |       |       |       ||    19
         Scimitar          |       |       |       |   549 |  1030 |     9 ||  1588
         Falchion          |       |       |       |   396 |       |       ||   396
         Demon blade       |       |       |       |       |       |   356 ||   356
  Throw: Throwing net      |       |     1 |     3 |       |       |       ||     4
         Dart              |       |       |       |    20 |     1 |       ||    21
         Boomerang         |       |       |       |     8 |     2 |       ||    10
Ability: Invent Gizmo      |       |       |       |       |     1 |       ||     1
  Evoke: Wand              |       |       |     4 |     1 |    16 |     3 ||    24
         Sack of spiders   |       |       |       |       |     1 |     3 ||     4
         Phantom mirror    |       |       |       |       |       |     1 ||     1
    Use: Potion            |     1 |       |       |       |     6 |     7 ||    14
         Scroll            |       |       |     2 |    11 |    17 |     9 ||    39
   Stab: Sleeping          |     2 |       |       |       |       |       ||     2
         Held in net/web   |       |     1 |     5 |       |       |       ||     6
         Paralysed         |       |       |       |    14 |     9 |       ||    23
         Distracted        |       |       |       |     2 |     4 |       ||     6
         Confused          |       |       |       |       |     3 |       ||     3
         Invisible         |       |       |       |       |     2 |     3 ||     5
         Fleeing           |       |       |       |       |     1 |       ||     1
 Armour: Leather armour    |    99 |       |       |       |       |       ||    99
         Robe              |     4 |       |       |       |       |       ||     4
         Scale mail        |       |    47 |   226 |   341 |    29 |       ||   643
         Gold dragon scale |       |       |       |       |  1444 |   635 ||  2079
  Dodge: Dodged            |   133 |    41 |   208 |   305 |   352 |   115 ||  1154

Table legend: (Time is in decaauts)
 A = Elapsed time spent in this place.
 B = Non-inter-level travel time spent in this place.
 C = Inter-level travel time spent in this place.
 D = Time resting spent in this place.
 E = Time spent auto-exploring this place.
 F = Levels seen in this place.
 G = Mean time per level.
                   A        B        C        D        E       F      G
               +--------+--------+--------+--------+--------+-----+--------+
         Total |  33029 |  29857 |   3172 |   6309 |  14212 |  28 | 1179.6 |
       Dungeon |  16258 |  14201 |   2057 |   1636 |   8206 |  15 | 1083.9 |
        Temple |     14 |     14 |      0 |      0 |      0 |   1 |   14.0 |
          Lair |   9519 |   8869 |    650 |   2803 |   3809 |   5 | 1903.8 |
         Swamp |    114 |    114 |      0 |     36 |     23 |   1 |  114.0 |
     Snake Pit |   3352 |   3215 |    137 |    729 |   1306 |   3 | 1117.3 |
  Orcish Mines |   3421 |   3095 |    326 |   1050 |    760 |   2 | 1710.5 |
         Sewer |    347 |    347 |      0 |     55 |    107 |   1 |  347.0 |
               +--------+--------+--------+--------+--------+-----+--------+

Top non-repeatable levels by time:
  Lair:4: 2867 daAuts
 Snake:1: 1955 daAuts
  Lair:3: 1915 daAuts
   Orc:2: 1898 daAuts
  Lair:1: 1739 daAuts
  Lair:2: 1724 daAuts
    D:12: 1539 daAuts
    D:15: 1535 daAuts
   Orc:1: 1522 daAuts
     D:7: 1391 daAuts
  Lair:5: 1272 daAuts
    D:13: 1257 daAuts
 Snake:2: 1162 daAuts
     D:4: 1142 daAuts
     D:8: 1085 daAuts
